 Dungeon Crawl Stone Soup version 0.26-a0-284-g73c0fb6129 (webtiles) character file.

Game seed: 1245757802493858163

5 Gargoyl the Skirmisher (level 1, -17/19 HPs)
             Began as a Centaur Abyssal Knight on July 13, 2020.
             Was a Follower of Lugonu.
             Demolished by a tentacled starspawn (18 damage)
             ... on level 2 of the Abyss.
             The game lasted 00:00:38 (220 turns).

Gargoyl the Skirmisher (Centaur Abyssal Knight)      Turns: 220, Time: 00:00:39

Health: -17/19     AC:  4    Str: 14    XL:     1   Next: 66%
Magic:  2/2        EV:  9    Int: 11    God:    Lugonu [*.....]
Gold:   40         SH:  0    Dex:  8    Spells: 0/0 levels left

rFire    . . .     SeeInvis .   a - +1 hand axe
rCold    . . .     Faith    .   (no shield)
rNeg     . . .     Spirit   .   b - +0 leather armour
rPois    .         Reflect  .   (no helmet)
rElec    .         Harm     .   (no cloak)
rCorr    .                      (no gloves)
MR       .....                  (no barding)
Stlth    ..........             (no amulet)
HPRegen  0.00/turn              (no ring)
MPRegen  0.08/turn              (no ring)

@: non-regenerating, mildly diseased, very quick
A: large, hooves 3, deformed body, speed 2, tough skin 3
a: Depart the Abyss, Renounce Religion


You were on level 2 of the Abyss.
You worshipped Lugonu.
Lugonu was aware of your devotion.
You visited 0 branches of the dungeon, and saw 0 of its levels.
You visited the Abyss 1 time.

You collected 40 gold pieces.

Inventory:

Hand Weapons
 a - a +1 hand axe (weapon)
Armour
 b - a +0 leather armour (worn)


   Skills:
 + Level 3.4 Fighting
 + Level 1.7 Axes
 + Level 1.3 Armour
 + Level 0.6 Dodging
 + Level 2.0 Invocations


You couldn't memorise any spells.
You didn't know any spells.
Your spell library was empty.

Dungeon Overview and Level Annotations

Branches:
Dungeon (0/15)

Altars:


Innate Abilities, Weirdness & Mutations

You have hooves in place of feet.
Armour fits poorly on your strangely shaped body.
You cover ground very quickly.
You have extremely tough skin. (AC +3)


Message History

A large abomination comes into view.
Found a gateway leading out of the Abyss.
You feel ill.
A chaos spawn comes into view.
The chaos spawn howls!
A tentacled starspawn comes into view.
Found a papyrus book.
You hit the tentacled starspawn.
The tentacled starspawn is lightly damaged.
Tentacles burst from the starspawn's body! 2 starspawn tentacles come into view.
You hit the tentacled starspawn but do no damage.
You kick the tentacled starspawn, but do no damage.
The tentacled starspawn is lightly damaged.
You hit the starspawn tentacle. x2; The tentacled starspawn bites you!
Ouch! That really hurt!
* * * LOW HITPOINT WARNING * * *
The tentacled starspawn engulfs you!!
Ouch! That really hurt!
You die...

# ...#...# ..
# . .#.....##
# .#
..........###
4.#.
......#X#..#
.# .
.##.#..#.#
.## # #
∩#.#.4## ...
#.#..#..#..#
##...#..#
#.#w@..#.#
...#wX..# .#
..#.#.#..## .
. ##..##. .
.:# .# ##. ..
#.# #.


You could see a tentacled starspawn, a large abomination, a chaos spawn and 2
starspawn tentacles.

Vanquished Creatures
  An ufetubus (Abyss:2)
1 creature vanquished.

Vanquished Creatures (others)
  4 starspawn tentacles (Abyss:2)
4 creatures vanquished.

Grand Total: 5 creatures vanquished

Notes
Turn   | Place    | Note
-------+----------+-------------------------------------------
     0 | Abyss:1  | Gargoyl the Centaur Abyssal Knight began the quest for the
                  | Orb.
     0 | Abyss:1  | Reached XP level 1. HP: 19/19 MP: 2/2
    47 | Abyss:1  | Noticed a starcursed mass
    84 | Abyss:1  | Noticed a bone dragon
    89 | Abyss:1  | Noticed an iron imp
    94 | Abyss:1  | Noticed a large abomination
   143 | Abyss:2  | Noticed a large abomination
   178 | Abyss:2  | Noticed a mana viper
   180 | Abyss:2  | Noticed a tentacled starspawn
   186 | Abyss:2  | Noticed a small abomination
   201 | Abyss:2  | Noticed an ancient zyme
   203 | Abyss:2  | Noticed a large abomination
   214 | Abyss:2  | Noticed a chaos spawn
   215 | Abyss:2  | Noticed a tentacled starspawn
   220 | Abyss:2  | Demolished by a tentacled starspawn

Illustrated notes

Levels and vault maps discovered:
Abyss:2:  evilmike_abyss_exit_12, evilmike_abyss_exit_chaos

Action                   || total
-------------------------++-------
Melee: Hand axe          ||     5
       Kick              ||     2
  Use: Potion            ||     1
Armor: Leather armour    ||     1
Dodge: Dodged            ||     2

Table legend:
 A = Non-vault XP
 B = Vault XP
 C = Vault XP percentage of total XP
 D = Non-vault monster count
 E = Vault monster count
 F = Vault count percentage of total count
                 A         B        C        D         E       F
            +---------+---------+-------+---------+---------+-------
      Total |       8 |       0 |   0.0 |       1 |       0 |   0.0
            +---------+---------+-------+---------+---------+-------
    Abyss:2 |       8 |       0 |   0.0 |       1 |       0 |   0.0
            +---------+---------+-------+---------+---------+-------
